Map: 零纪元-天梯版

Players

Neeb - Winner!

  • Race: Protoss Protoss

Reynor

  • Race: Zerg Zerg

Event: WESG 2018 Grand Finals

VOD

Have the link to the VOD?

Description

Time

  • Played on: March 13, 2019, 8:25 a.m.
  • Length: 12:22

All games in this series

Show
View Real Time Build Order
Export as new Build Order

Neeb Protoss - Winner!

Build Orders: Oracle Opening, Chargelot Immortal 

Get SALT Encoding   

  12  0:00  Probe  
  13  0:12  Probe  
  14  0:19  Pylon  
  14  0:24  Probe  
  15  0:33  Probe  
  15  0:39  Forge  
  15  0:41  Probe  
  17  0:52  Probe  
  18  1:00  Pylon  
  18  1:04  Probe  
  18  1:10  Pylon  
  19  1:19  Photon Cannon  
  19  1:26  Gateway  
  19  1:29  Probe  
  20  1:41  Probe  
  20  1:43  Assimilator  
  21  1:53  Probe  
  22  1:56  Pylon  
  22  2:08  Nexus  
  22  2:17  Cybernetics Core  
  23  2:28  Zealot  
  22  2:30  Photon Cannon  
  22  2:31  Probe  
  25  2:43  Probe  
  26  2:45  Assimilator  
  26  2:54  Adept, Probe  
  29  3:02  Probe  
  29  3:10  Probe  
  30  3:15  Stargate  
  30  3:17  Adept  
  30  3:21  Probe x2  
  32  3:33  Probe  
  32  3:34  Probe  
  36  3:38  Pylon  
  36  3:41  Warp Gate  
  36  3:45  Probe  
  36  3:47  Adept  
  36  3:48  Oracle  
  39  3:49  Probe  
  40  3:57  Probe  
  44  4:03  Probe  
  44  4:06  Pylon  
  44  4:09  Probe  
  46  4:15  Probe  
  46  4:16  Oracle  
  45  4:21  Probe  
  44  4:29  Gateway  
  44  4:30  Gateway  
  44  4:31  Probe  
  48  4:35  Probe, Assimilator  
  49  4:38  Assimilator  
  49  4:43  Probe  
  50  4:47  Probe  
  50  4:52  Pylon  
  51  4:55  Probe, Phoenix  
  54  5:04  Pylon  
  54  5:10  Probe x2  
  56  5:15  Pylon  
  56  5:22  Probe x2  
  58  5:30  Adept  
  58  5:31  Adept x2  
  58  5:35  Probe x2  
  66  5:46  Robotics Facility  
  66  5:47  Probe  
  66  5:49  Twilight Council  
  67  5:51  Adept x3  
  67  5:56  Nexus  
  73  5:59  Pylon  
  73  6:04  Protoss Ground Weapons Level 1  
  73  6:07  Probe  
  73  6:09  Probe  
  75  6:25  Probe  
  74  6:27  Zealot x3  
  74  6:29  Probe, Immortal  
  81  6:37  Probe  
  86  6:43  Charge  
  86  6:44  Probe  
  86  6:46  Templar Archives  
  85  6:49  Probe  
  86  6:59  Pylon, Psionic Storm, Immortal  
  86  7:02  Shield Battery  
  86  7:08  Probe  
  88  7:12  Gateway  
  88  7:13  Zealot  
  88  7:14  Probe, Gateway  
  94  7:15  Gateway  
  94  7:23  High Templar x2  
  94  7:24  Probe  
  94  7:27  Probe  
  94  7:29  Probe, Immortal  
  101  7:33  Assimilator  
  101  7:35  High Templar  
  101  7:36  Assimilator  
  107  7:51  Probe x2  
  109  7:59  Pylon x2  
  109  8:02  Pylon  
  109  8:05  Immortal  
  109  8:14  Zealot  
  109  8:18  Zealot x3  
  109  8:19  Zealot  
  95  8:32  High Templar  
  95  8:33  Immortal  
  93  8:38  High Templar  
  93  8:39  High Templar, Zealot  
  99  8:44  Probe x2  
  99  8:45  High Templar  
  107  8:49  Zealot  
  109  9:00  Zealot  
  107  9:03  Probe  
  107  9:07  Zealot  
  106  9:12  Zealot  
  106  9:16  High Templar x2  
  110  9:17  Probe  
  110  9:22  Immortal  
  110  9:23  Probe  
  112  9:26  Protoss Ground Weapons Level 2  
  112  9:29  Probe  
  112  9:30  Probe  
  114  9:35  High Templar  
  114  9:36  High Templar, Probe, Zealot  
  125  9:40  Archon  
  125  9:41  Zealot  
  127  9:50  Photon Cannon  
  127  9:53  Photon Cannon  
  127  10:01  Observer, Gateway  
  127  10:02  Zealot  
  127  10:03  Gateway  
  130  10:11  Immortal  
  125  10:28  High Templar  
  125  10:29  High Templar x2  
  125  10:30  High Templar  
  125  10:35  Pylon  
  133  10:37  Pylon  
  133  10:39  Archon  
  133  10:42  Archon  
  133  10:43  Immortal  
  133  10:48  Pylon  
  133  10:53  Pylon, Probe x3  
  133  10:55  Pylon  
  140  10:58  High Templar x2  
  140  10:59  Zealot x2  
  140  11:02  Archon  
  148  11:05  Probe  
  131  11:12  Nexus  
  131  11:13  Probe x2  
  131  11:17  Probe  
  130  11:18  High Templar  
  130  11:19  High Templar  
  130  11:20  Zealot  
  130  11:25  Zealot x2  
  138  11:30  Zealot  
  138  11:31  Zealot  
  144  11:38  Immortal  
  146  11:45  Zealot  
  148  11:48  Probe x3  
  136  12:06  Zealot x3  
  113  12:16  Archon  
Show
View Real Time Build Order
Export as new Build Order

Reynor Zerg 

Build Orders: Hatch First 

Get SALT Encoding   

  12  0:00  Drone  
  13  0:12  Overlord  
  13  0:17  Drone  
  14  0:31  Drone x2  
  16  0:49  Hatchery  
  15  0:53  Drone  
  15  0:56  Drone  
  17  1:00  Drone  
  18  1:15  Spawning Pool  
  17  1:18  Drone  
  17  1:21  Drone  
  19  1:27  Extractor  
  18  1:33  Drone  
  20  1:52  Hatchery  
  19  2:01  Queen  
  19  2:03  Zergling x2  
  19  2:04  Overlord  
  22  2:20  Hatchery  
  21  2:23  Drone  
  21  2:27  Drone  
  23  2:32  Zergling x2  
  24  2:37  Queen  
  24  2:42  Zergling x2  
  27  2:48  Metabolic Boost  
  27  2:51  Zergling x2  
  27  2:57  Drone  
  29  3:04  Zergling x2  
  30  3:07  Queen  
  30  3:12  Drone  
  33  3:19  Drone x3  
  36  3:25  Overlord  
  35  3:28  Drone  
  35  3:30  Drone  
  36  3:37  Drone  
  37  3:41  Drone x2  
  37  3:44  Drone  
  37  3:47  Drone  
  41  3:54  Drone  
  41  4:02  Drone  
  42  4:04  Drone x4  
  45  4:10  Lair  
  45  4:14  Zergling x4  
  46  4:20  Spore Crawler  
  46  4:24  Drone x3  
  47  4:25  Drone  
  47  4:26  Spore Crawler  
  47  4:27  Drone  
  47  4:28  Drone  
  50  4:33  Overlord  
  50  4:40  Extractor  
  50  4:41  Spore Crawler  
  50  4:43  Drone x2  
  48  4:46  Drone x3  
  48  4:48  Drone  
  50  4:53  Drone x2  
  50  4:59  Drone x2  
  54  5:01  Drone x3  
  54  5:03  Extractor  
  56  5:08  Drone x2  
  56  5:09  Hydralisk Den  
  56  5:11  Spore Crawler  
  56  5:12  Drone  
  57  5:16  Overlord  
  57  5:21  Queen  
  57  5:23  Drone  
  57  5:27  Drone  
  57  5:28  Drone  
  55  5:30  Drone x2  
  55  5:33  Drone  
  55  5:35  Drone  
  57  5:37  Drone  
  57  5:44  Muscular Augments  
  57  5:46  Overlord  
  57  5:48  Drone  
  57  5:55  Overlord  
  57  6:05  Zergling x2  
  57  6:06  Zergling x14  
  57  6:08  Overlord  
  65  6:11  Overlord  
  65  6:14  Zergling x4  
  65  6:15  Zergling x6  
  65  6:17  Hydralisk  
  69  6:27  Hydralisk x2  
  69  6:28  Hydralisk  
  77  6:33  Hydralisk x2  
  76  6:41  Hydralisk x2  
  76  6:43  Drone x2  
  76  6:44  Drone  
  82  6:47  Hydralisk  
  82  6:50  Hydralisk x2  
  86  6:56  Grooved Spines  
  86  6:57  Overlord  
  86  7:00  Zergling x6  
  89  7:08  Overlord  
  89  7:15  Hydralisk x3  
  89  7:17  Overlord  
  89  7:20  Zergling x4  
  89  7:22  Overlord  
  97  7:26  Extractor  
  97  7:27  Hydralisk x2  
  97  7:28  Zergling x4  
  102  7:30  Queen  
  102  7:33  Zergling x2  
  102  7:36  Hydralisk  
  105  7:39  Hydralisk  
  105  7:43  Zergling x8  
  113  7:50  Zergling x4, Hydralisk  
  117  7:54  Zergling x2, Hydralisk  
  119  7:58  Hydralisk  
  119  8:01  Overlord  
  121  8:08  Overlord  
  119  8:16  Hydralisk x2  
  119  8:17  Zergling x12  
  111  8:23  Hydralisk  
  111  8:24  Zergling x2, Hydralisk  
  92  8:32  Hydralisk  
  89  8:35  Drone x2  
  89  8:40  Zergling x6, Extractor  
  93  8:42  Baneling Nest, Hydralisk  
  93  8:44  Hydralisk  
  93  8:45  Zergling x4  
  93  8:46  Zergling x2  
  99  8:50  Zergling x2  
  100  8:56  Hydralisk x2  
  100  8:57  Zergling x2  
  103  9:03  Drone  
  103  9:04  Drone  
  103  9:05  Hydralisk  
  103  9:09  Hydralisk x2  
  107  9:10  Zergling x2  
  107  9:12  Drone  
  107  9:13  Drone  
  101  9:23  Drone x4  
  103  9:31  Zergling x6  
  106  9:33  Baneling x4  
  106  9:35  Centrifical Hooks  
  106  9:40  Drone  
  106  9:41  Drone x2  
  109  9:48  Zergling x2  
  109  9:49  Zergling x4  
  109  9:51  Hatchery  
  111  9:57  Zergling x6  
  111  9:58  Zergling x4, Baneling  
  111  9:59  Baneling x3  
  112  10:08  Baneling x5  
  112  10:09  Baneling x6  
  112  10:10  Zergling x6  
  114  10:14  Zergling x4  
  114  10:15  Zergling x2  
  114  10:18  Baneling x5  
  117  10:28  Hydralisk x3  
  117  10:29  Zergling x4  
  124  10:36  Overlord  
  124  10:42  Baneling x4  
  123  10:43  Baneling x2  
  123  10:44  Zergling x14  
  123  10:49  Hydralisk x2  
  134  10:52  Hydralisk  
  135  10:57  Hydralisk  
  135  11:00  Hydralisk  
  135  11:03  Baneling x8  
  139  11:11  Zergling x8  
  135  11:14  Hydralisk  
  135  11:15  Zergling x2  
  136  11:19  Zergling x12  
  136  11:24  Hydralisk  
  144  11:28  Baneling x4  
  144  11:29  Overlord  
  144  11:36  Overlord  
  143  11:40  Overlord  
  143  11:47  Zergling x8  
  143  11:50  Zergling x10  
  143  11:51  Baneling  
  143  11:52  Baneling x8  
  152  12:00  Zergling x6  
  130  12:01  Zergling x2  
Tags
 
Add a new tag
Caveats
  • Supply blocks, unpowered buildings, or Contaminate may cause inaccurate times.
  • Supply counts are checked every 10 seconds.